 Dungeon Crawl Stone Soup version 0.31-a0-237-g2d982f9f85 (webtiles) character file.

Game seed: 2442012877141978308

32 qw the Shooter (level 3, -1/21 HPs)
             Began as a Gargoyle Hexslinger on July 11, 2023.
             Killed from afar by Sigmund (9 damage)
             ... with a magic dart
             ... on level 2 of the Dungeon.
             The game lasted 00:00:28 (735 turns).

qw the Shooter (Gargoyle Hexslinger)                 Turns: 735, Time: 00:00:28

Health: -1/21      AC:  6    Str: 11    XL:     3   Next: 25%
Magic:  4/4        EV: 11    Int: 13    God:
Gold:   81         SH:  0    Dex: 14    Spells: 3/4 levels left

rFire   . . .        Y - +1 sling (flame)
rCold   . . .        (no shield)
rNeg    + . .        h - +0 leather armour
rPois   inf          (no helmet)
rElec   +            (no cloak)
rCorr   .            (no gloves)
SInv    .            (no boots)
Will    .....        (no amulet)
Stlth   +            (no ring)
HPRegen 0.23/turn    (no ring)
MPRegen 0.09/turn

%: no passive effects
@: confused
A: sickness immunity, AC +3, negative energy resistance 1, electricity
resistance, torment resistance 1, petrification resistance
a: no special abilities


You were on level 2 of the Dungeon.
You visited 1 branch of the dungeon, and saw 2 of its levels.

You collected 81 gold pieces.


Innate Abilities, Weirdness & Mutations

You are immune to sickness and miasma.
Your stone body is resilient. (AC +3)
You are immune to poison.
You resist negative energy. (rN+)
You are resistant to electric shocks. (rElec)
You are resistant to unholy torment.
You are immune to petrification.


   Skills:
 - Level 2.2 Fighting
 + Level 3.1 Ranged Weapons
 - Level 1.5 Dodging
 - Level 1.0 Spellcasting
 - Level 2.6 Hexes


You had 3 spell levels left.
You knew the following spells:

 Your Spells              Type           Power      Damage    Failure   Level
a - Slow                  Hex            28%        N/A       12%         1

Your spell library contained the following spells:

 Spells                   Type           Power      Damage    Failure   Level
 Inner Flame              Hex/Fire       4%         N/A       54%         3
 Portal Projectile        Hex/Tloc       8%         N/A       54%         3
 Cause Fear               Hex            3%         N/A       77%         4

Inventory:

Hand Weapons
 Y - a +1 sling of flaming (weapon)
Armour
 h - a +0 leather armour (worn)
Scrolls
 a - 3 scrolls of revelation {unknown}
Potions
 f - a potion of curing {unknown}

Dungeon Overview and Level Annotations

Branches:
Dungeon (2/15)

Altars:

Shops:
D:1 !

Annotations:
D:2 Sigmund


Message History

Sigmund barely misses you.
You shoot a sling bullet. The sling bullet hits Sigmund.
The sling bullet burns Sigmund.
Sigmund is moderately wounded.
Sigmund gestures wildly while chanting.
Sigmund flickers and vanishes!
Deactivating autopickup; reactivate with Ctrl-A.
721 ||| STILL FLEEEEING.
A puff of flame appears from out of thin air!
The puff of flame hits you!
A goblin comes into view. It is wielding a +0 club.
722 ||| DRINKING potion of heal wounds.
You feel much better.
The goblin shouts!
You hear a shout!
You hear an angry hiss.
You hear a shout! x3
You shoot a sling bullet.
The sling bullet closely misses the goblin.
Something barely misses you.
You shoot a sling bullet.
A magic dart appears from out of thin air!
The magic dart hits you!
725 ||| FLEEEEING.
726 ||| FLEEEEING.
727 ||| FLEEEEING.
728 ||| FLEEEEING.
A magic dart appears from out of thin air!
The magic dart hits you.
729 ||| FLEEEEING.
730 ||| STILL FLEEEEING.
731 ||| STILL FLEEEEING.
732 ||| FLEEEEING.
There is a stone staircase leading up here.
733 ||| STAIRDANCE You hear some strange, mumbled words.
You are confused.
In your confused state, you trip and fall back down the stairs.
A magic dart appears from out of thin air!
The magic dart hits you but does no damage.
735 ||| STAIRDANCE A magic dart appears from out of thin air!
The magic dart hits you!
You die...

..... .. ##. # ....
.$..... ... #.....
#.#### #.#.# #....
....#
##..######.#..#
##...##....###.#
##>..{..###..#..# #
#.@.g...# ##..#(# #
#.......# #.##@###
#.......# ##..<....
##......###.##.####
##...##...###.#
###.###.## #.#
#.###.# #. #.....#
#..####


You could see a goblin.

Vanquished Creatures
  An adder (D:2)
  A worm (D:2)
  An endoplasm (D:1)
  4 giant cockroaches (D:1)
  2 hobgoblins (D:1)
  2 jackals (D:1)
  A ball python (D:1)
  4 bats (D:1)
  A frilled lizard (D:1)
  3 rats (D:1)
20 creatures vanquished.

Notes
Turn   | Place    | Note
-------+----------+-------------------------------------------
     0 | D:1      | qw the Gargoyle Hexslinger began the quest for the Orb.
     0 | D:1      | Reached XP level 1. HP: 12/12 MP: 2/2
     0 | D:1      | 0 ||| qw: Version: 0.3-a-52-g30416fa
     0 | D:1      | 0 ||| qw: Game counter: 5790
     0 | D:1      | 0 ||| qw: Melee chars always use a shield: true
     0 | D:1      | 0 ||| qw: God list: Okawaru
     0 | D:1      | 0 ||| qw: Allow faded altars: false
     0 | D:1      | 0 ||| qw: Do Orc after clearing Dungeon:15 true
     0 | D:1      | 0 ||| qw: Do second Lair branch before Depths: true
     0 | D:1      | 0 ||| qw: Lair rune preference: random
     0 | D:1      | 0 ||| qw: Goals: Normal
     0 | D:1      | 0 ||| PLANNING D:1-11
     9 | D:1      | Found Awno's Distillery.
    18 | D:1      | 18 ||| SHOPLISTING 2 potions of enlightenment (130 gold,
                  | have 12).
    18 | D:1      | 18 ||| SHOPLISTING 2 potions of mutation (208 gold, have
                  | 12).
    18 | D:1      | 18 ||| SHOPLISTING potion of curing (39 gold, have 12).
    18 | D:1      | 18 ||| SHOPLISTING potion of haste (130 gold, have 12).
    18 | D:1      | 18 ||| SHOPLISTING potion of mutation (104 gold, have 12).
    18 | D:1      | 18 ||| SHOPLISTING potion of resistance (130 gold, have
                  | 12).
   125 | D:1      | Reached XP level 2. HP: 15/16 MP: 3/3
   199 | D:1      | Reached skill level 3 in Ranged Weapons
   450 | D:1      | 450 ||| UPGRADING to +0 leather armour.
   460 | D:1      | 460 ||| DROPPING +0 robe.
   461 | D:1      | 461 ||| READING scroll labelled XYIDWY CIRGH.
   462 | D:1      | 462 ||| READING scroll labelled CARHA CEFADO.
   463 | D:1      | 463 ||| READING scroll labelled BECRAONYVI.
   464 | D:1      | 464 ||| READING scroll labelled LIUHAI GEPOG.
   465 | D:1      | 465 ||| DRINKING 2 murky emerald potions.
   466 | D:1      | 466 ||| DROPPING scroll of poison.
   502 | D:2      | Noticed Sigmund
   505 | D:2      | 505 ||| STAIRDANCE
   557 | D:2      | 557 ||| STAIRDANCE
   578 | D:2      | 578 ||| STAIRDANCE
   614 | D:2      | 614 ||| STAIRDANCE
   623 | D:2      | 623 ||| STAIRDANCE
   625 | D:2      | 625 ||| STAIRDANCE
   689 | D:2      | Reached XP level 3. HP: 18/21 MP: 4/4
   715 | D:2      | 715 ||| FLEEEEING.
   716 | D:2      | 716 ||| FLEEEEING.
   721 | D:2      | HP: 3/21 [something/puff of flame (8)]
   722 | D:2      | 722 ||| DRINKING potion of heal wounds.
   725 | D:2      | 725 ||| FLEEEEING.
   726 | D:2      | 726 ||| FLEEEEING.
   727 | D:2      | 727 ||| FLEEEEING.
   728 | D:2      | 728 ||| FLEEEEING.
   729 | D:2      | 729 ||| FLEEEEING.
   732 | D:2      | 732 ||| FLEEEEING.
   733 | D:2      | 733 ||| STAIRDANCE
   735 | D:2      | 735 ||| STAIRDANCE
   735 | D:2      | Killed from afar by Sigmund

Levels and vault maps discovered:
D:1:      lightli_arrival_noodles, layout_rooms, serial_shops, shop
D:2:      layout_loops_ring, serial_shops, nicolae_shop_tiny_glass,
          uniq_sigmund, uniq_robin

Skill      XL: |  1  2 |
---------------+-------+-----
Ranged Weapons | 3 |  3.1
Fighting       | 2 |  2.2
Dodging        | |  1.5
Spellcasting   | |  1.0
Hexes          | |  2.6

Action                     || total
---------------------------++-------
   Fire: Sling             ||    92
    Use: Scroll            ||     4
         Potion            ||     2
 Armour: Robe              ||    12
         Leather armour    ||     2
  Dodge: Dodged            ||    30

Table legend:
 A = Non-vault XP
 B = Vault XP
 C = Vault XP percentage of total XP
 D = Non-vault monster count
 E = Vault monster count
 F = Vault count percentage of total count
                 A         B        C        D         E       F
            +---------+---------+-------+---------+---------+-------
      Total |      46 |       0 |   0.0 |      20 |       0 |   0.0
            +---------+---------+-------+---------+---------+-------
        D:1 |      28 |       0 |   0.0 |      18 |       0 |   0.0
        D:2 |      18 |       0 |   0.0 |       2 |       0 |   0.0
            +---------+---------+-------+---------+---------+-------
